 Dungeon Crawl Stone Soup version 0.31-a0-486-g8d68a81214 (webtiles) character file.

Game seed: 4340239725302311589

27674 Xavori the Spear-Bearer (level 13, -6/93 HPs)
             Began as an Octopode Chaos Knight on Aug 7, 2023.
             Was a Plaything of Xom.
             Mangled by a skyshark (17 damage)
             ... on level 4 of the Lair of Beasts.
             The game lasted 00:17:42 (15512 turns).

Xavori the Spear-Bearer (Octopode Chaos Knight)    Turns: 15512, Time: 00:17:43

Health: -6/93      AC: 11    Str: 16    XL:     13   Next: 33%
Magic:  31/31      EV: 12    Int: 20    God:    Xom [..*...]
Gold:   920        SH: 38    Dex: 26    Spells: 9/12 levels left

rFire   + . .        q - +9 trident of Spring {heavy, Fragile rPois Will+}
rCold   + + .        P - +18 shield of the Gong {Loud rN+ Will+ rCorr EV-5}
rNeg    + . .        (helmet currently unavailable)
rPois   +            (no amulet)
rElec   +            i - +6 ring of intelligence
rCorr   +            l - ring of magical power
SInv    .            e - ring of ice
Will    ++...        t - +4 ring of protection
Stlth   ++++++       w - +6 ring of dexterity
HPRegen 0.35/turn    s - ring "Angagalu" {rElec MP+9 Str+4 Dex+2}
MPRegen 0.22/turn    S - +4 ring of slaying
                     T - ring of protection from fire

%: clarity
@: beast-form, attractive
A: beast (slay +5), almost no armour, amphibious, 8 rings, camouflage 1,
gelatinous body 1, (nimble swimmer 1), tentacles, antennae 1, tentacle spike 2,
iridescent scales 3, large bone plates 3, agile 1, clarity, cold resistance 1,
fire resistance 1, sense surroundings 2, poison resistance, robust 1, wild magic
2
a: Begin Untransformation, Renounce Religion


You were on level 4 of the Lair of Beasts.
You worshipped Xom.
You were a toy of Xom.
You were a hulking beast.
You visited 2 branches of the dungeon, and saw 15 of its levels.
You also visited: Sewer.

You collected 920 gold pieces.

Inventory:

Hand Weapons
 a - a +0 short sword of chaos
 k - a +2 dagger of chaos
 q - the +9 trident of Spring (weapon) {heavy, Fragile rPois Will+}
   (You found it on level 3 of the Dungeon)

   rPois:     It protects you from poison.
   Fragile:   It will be destroyed if unequipped.
   Will:      It increases your willpower.
Missiles
 K - 5 throwing nets
Armour
 I - a +0 buckler
 P - the +18 shield of the Gong (worn) {Loud rN+ Will+ rCorr EV-5}
   (You found it on level 9 of the Dungeon)

   Loud:      It is deafeningly noisy when blocking attacks.
   EV:        It affects your evasion (-5).
   rN:        It protects you from negative energy.
   rCorr:     It protects you from acid and corrosion.
   Will:      It increases your willpower.
Jewellery
 e - a ring of ice (on tentacle)
 i - a +6 ring of intelligence (left tentacle)
 l - a ring of magical power (right tentacle)
 m - a +6 ring of intelligence
 p - a ring of fire
 s - the ring "Angagalu" (on tentacle) {rElec MP+9 Str+4 Dex+2}
   (You found it on level 10 of the Dungeon)

   [ring of magical power]

   Str:       It affects your strength (+4).
   Dex:       It affects your dexterity (+2).
   rElec:     It insulates you from electricity.
   MP:        It affects your magic capacity (+9).
 t - a +4 ring of protection (on tentacle)
 w - a +6 ring of dexterity (on tentacle)
 y - a ring of magical power
 N - a ring of magical power
 R - a ring of fire
 S - a +4 ring of slaying (on tentacle)
 T - a ring of protection from fire (on tentacle)
 X - a +6 ring of intelligence
Talismans
 f - a serpent talisman
 r - a beast talisman (active)
 W - a maw talisman
Wands
 F - a wand of roots (17)
 J - a wand of digging (6)
 L - a wand of mindburst (10)
 Q - a wand of quicksilver (4)
Scrolls
 b - a scroll of butterflies
 c - 2 scrolls of immolation
 g - 4 scrolls of teleportation
 h - 2 scrolls of revelation
 j - 5 scrolls of vulnerability
 C - 3 scrolls of fear
 E - 4 scrolls of fog
 G - a scroll of summoning
 O - 3 scrolls of blinking
 U - 2 scrolls of identify
Potions
 d - a potion of degeneration {unknown}
 n - 7 potions of haste
 o - a potion of mutation {unknown}
 u - a potion of invisibility
 v - a potion of heal wounds {unknown}
 x - 4 potions of brilliance {unknown}
 z - 2 potions of resistance {unknown}
 A - 3 potions of cancellation {unknown}
 B - 2 potions of attraction {unknown}
 D - a potion of enlightenment
 H - a potion of ambrosia {unknown}
 M - a potion of curing
 V - a potion of lignification {unknown}


   Skills:
 + Level 6.9 Fighting
 - Level 4.1 Short Blades
 * Level 13.7 Polearms
 + Level 6.5 Dodging
 - Level 10.0 Stealth
 + Level 6.6 Shields
 * Level 5.1 Air Magic
 * Level 5.8 Poison Magic
 + Level 0.2 Evocations
 * Level 7.6 Shapeshifting


You had 9 spell levels left.
You knew the following spells:

 Your Spells              Type           Power      Damage    Failure   Level
a - Mephitic Cloud        Conj/Pois/Air  23%        N/A       50%         3

Your spell library contained the following spells:

 Spells                   Type           Power      Damage    Failure   Level
 Poisonous Vapours        Pois/Air       70%        N/A       17%         2
 Foxfire                  Conj/Fire      0%         2x1d4     61%         1
 Magic Dart               Conj           0%         1d3       61%         1
 Call Imp                 Summ           0%         N/A       75%         2
 Sublimation of Blood     Necr           0%         N/A       75%         2
 Wereblood                Tmut           0%         N/A       75%         2
 Stone Arrow              Conj/Erth      0%         3d7       91%         3
 Freezing Cloud           Conj/Ice/Air   8%         6-21      100%        5
 Iskenderun's Battlesphe  Conj           0%         2d6       100%        5
 Leda's Unmaking          Conj/Erth      0%         9d1       100%        6
 Plasma Beam              Fire/Air       8%         2x1d18    100%        6
 Starburst                Conj/Fire      0%         6d3       100%        6
 Spellforged Servitor     Conj/Summ      0%         N/A       100%        7
 Summon Hydra             Summ           0%         N/A       100%        7
 Lehudib's Crystal Spear  Conj/Erth      0%         10d2      100%        8
 Animate Armour           Summ/Erth      Unusable   N/A       N/A         4

Dungeon Overview and Level Annotations

Branches:
Dungeon (11/15)            Temple (0/1) D:4            Lair (4/5) D:8
  Swamp (0/4) Lair:2       Spider (0/4) Lair:3          Orc (0/2) D:10
  Sewer (visited)
  Slime: Lair:4-5

Altars:
Gozag
Hepliaklqana
Makhleb
Nemelex Xobeh
Okawaru
Trog
Uskayaw
Xom
Yredelemnul
The Shining One

Annotations:
D:5 1 runed translucent door, Crazy Yiuf
D:8 2 transporters
D:11 3 runed translucent doors, Xavori's ghost, journeyman DjCK


Innate Abilities, Weirdness & Mutations

You are a hulking beast.
Your limbs bulge with bestial killing power. (Slay +5)
You cannot wear most types of armour.
You are amphibious.
You can wear up to eight rings at the same time.
Your skin changes colour to match your surroundings (Stealth+).
Your rubbery body absorbs attacks. (AC +1, EV +1)
((You are camouflaged when in or above water. (Stealth+)))
You have tentacles for arms and can constrict up to eight enemies at once.
You have a pair of small antennae on your head.
One of your tentacles bears a nasty spike.
You are completely covered in iridescent scales. (AC +6)
You are completely covered in large bone plates. (SH +8)
You are agile. (Dex +4, Str/Int -1)
You possess an exceptional clarity of mind.
Your flesh is cold resistant. (rC+)
Your flesh is heat resistant. (rF+)
You passively map the area around you.
Your system is resistant to poisons. (rPois)
You are robust. (+10% HP)
Your spells are harder to cast, but more powerful.


Message History

The water moccasin bites you but does no damage.
You hear a bellow! x2
You impale the water moccasin!!
You kill the water moccasin!
You block the skyshark's attack.
SHROANNG!
You block the skyshark's attack.
PANG!
The skyshark tail-slaps you!
You hear a bellow!
You puncture the skyshark! You squeeze the skyshark!
The skyshark is moderately wounded.
You block the skyshark's attack.
GONNNNG!
You block the skyshark's attack.
SHROANNG!
The skyshark tail-slaps you!
* * * LOW HITPOINT WARNING * * *
You hear a bellow!
You closely miss the skyshark.
You pierce the skyshark.
The skyshark is moderately wounded.
The skyshark bites you!
* * * LOW HITPOINT WARNING * * *
The skyshark enters a blood-rage!
You block the skyshark's attack.
GONNNNG!
You block the skyshark's attack.
SHROANNG!
You hear a bellow!
You impale the skyshark!!
You pierce the skyshark.
You squeeze the skyshark.
The skyshark is severely wounded.
Xom almost notices you.
A monocle briefly appears over your left eye.
You block the skyshark's attack.
PTOANNNG!
You block the skyshark's attack.
GONNNNG!
You block the skyshark's attack.
GONNNNG!
The skyshark bites you!
You die...
Xom guffaws!

..........# #...#... . # *
P.........# #.....##.#.##, *
..........# ###.....#..... ,
.........# #.#...P#.....# , *
..)......# ####†...........
#........####...)...........*
, #........##.....†...........
,
#..............l††..........,,
#..........#...†h††.........
.........#####.#............*
#........# ##.###..#..P...
.........P# ##.###..######
..........# ###*#.##
.........## * ...* ........# *
....* , * #P..P# * , ##...# *


You could see a skyshark (berserk).

Vanquished Creatures
  Kirke (Lair:3)
  Harold (Lair:1)
  2 hydras
  2 two-headed ogres (D:9)
  Urug (Lair:1)
  An ugly thing (D:7)
  A cyclops (D:11)
  Joseph (D:8)
  A black mamba (Lair:2)
  A rust devil (D:10)
  2 vault sentinels (D:9)
  8 cane toads
  Maggie (D:7)
  4 rime drakes
  A kobold demonologist (D:11)
  2 komodo dragons
  A polar bear (Lair:4)
  A hornet (D:9)
  3 blink frogs (Lair:4)
  2 spriggans (Lair:4)
  A shadow (D:10)
  31 yaks
  4 wyverns
  6 hogs (Lair:3)
  A basilisk (Lair:2)
  3 vampire mosquitoes (Lair:2)
  A warg (D:10)
  A steam dragon (D:9)
  10 water moccasins
  A sky beast (D:8)
  8 ice beasts
  2 black bears (Lair:4)
  8 wolves
  8 orc warriors
  4 ogres
  6 centaurs
  2 phantoms
  9 kobold brigands
  13 bullfrogs
  10 scorpions
  13 killer bees
  3 howler monkeys
  2 jellies
  3 hounds
  8 orc priests
  2 gnoll boudas
  A sleepcap (D:8)
  5 iguanas
  8 orc wizards
  11 adders
  12 gnolls
  A white imp (D:6)
  An ufetubus (D:7)
  3 worms
  A dart slug (D:3)
  50 orcs
  13 ball pythons
  6 endoplasms
  7 giant cockroaches
  7 goblins
  6 hobgoblins
  4 jackals (D:2)
  27 kobolds
  6 quokkas
  8 bats
  4 frilled lizards
  2 rats
380 creatures vanquished.

Vanquished Creatures (others)
  An orc (D:11)
  A kobold (D:9)
2 creatures vanquished.

Grand Total: 382 creatures vanquished

Notes
Turn   | Place    | Note
-------+----------+-------------------------------------------
     0 | D:1      | Xavori the Octopode Chaos Knight began the quest for the
                  | Orb.
     0 | D:1      | Reached XP level 1. HP: 16/16 MP: 1/1
    52 | D:1      | XOM: potion effect (invisibility)
   232 | D:1      | Reached XP level 2. HP: 17/21 MP: 2/2
   582 | D:1      | XOM: 2-stop teleportation journey
   787 | D:1      | Reached XP level 3. HP: 19/26 MP: 3/3
   878 | D:2      | Found a faded altar of an unknown god.
  1057 | D:1      | XOM: god gift: 4 stones
  1584 | D:1      | XOM: give mutations
  1584 | D:1      | Gained mutation: One of your tentacles bears a spike.
                  | [Xom's grace]
  1584 | D:1      | Gained mutation: You are somewhat resistant to further
                  | mutation. [Xom's grace]
  1700 | D:1      | XOM: give mutation
  1700 | D:1      | Gained mutation: You are partially covered in large bone
                  | plates. (SH +4) [Xom's grace]
  1725 | D:1      | XOM: give mutations
  1725 | D:1      | Gained mutation: You are robust. (+10% HP) [Xom's grace]
  1725 | D:1      | Gained mutation: Your mind is acute. (Int +4, Str/Dex -1)
                  | [Xom's grace]
  1725 | D:1      | Gained mutation: One of your tentacles bears a nasty spike.
                  | [Xom's grace]
  2076 | D:1      | XOM is BORED!
  2076 | D:1      | XOM: summons 2 hostile demons
  2372 | D:1      | XOM: give mutation
  2372 | D:1      | Gained mutation: Your spells are a little harder to cast,
                  | but a little more powerful. [Xom's grace]
  2983 | D:1      | XOM: god gift: ruby potion {god gift}
  3196 | D:1      | XOM: give mutations
  3196 | D:1      | Gained mutation: Your system is resistant to poisons.
                  | (rPois) [Xom's grace]
  3196 | D:1      | Gained mutation: You are partially covered in iridescent
                  | scales. (AC +2) [Xom's grace]
  3196 | D:1      | Gained mutation: You are mostly covered in large bone
                  | plates. (SH +6) [Xom's grace]
  3196 | D:1      | Gained mutation: You are mostly covered in iridescent
                  | scales. (AC +4) [Xom's grace]
  3217 | D:2      | XOM: god gift: scale mail {god gift}
  3245 | D:2      | Reached XP level 4. HP: 34/34 MP: 4/4
  3249 | D:2      | Reached skill level 1 in Stealth
  3771 | D:3      | Found an iron altar of Okawaru.
  3782 | D:3      | XOM: cleaving
  3802 | D:3      | Reached skill level 1 in Shapeshifting
  3802 | D:3      | Reached XP level 5. HP: 18/39 MP: 5/5
  3833 | D:3      | Identified the +9 trident of Spring {heavy, Fragile rPois
                  | Will+}
  4009 | D:3      | Found a glowing drain.
  4027 | Sewer    | Entered a sewer
  4059 | Sewer    | Noticed a kobold brigand
  4064 | Sewer    | Killed a kobold brigand
  4065 | Sewer    | Reached skill level 1 in Polearms
  4154 | Sewer    | XOM: god gift: +6 ring of dexterity
  4205 | Sewer    | Noticed a kobold brigand
  4210 | Sewer    | Killed a kobold brigand
  4211 | Sewer    | Reached XP level 6. HP: 39/46 MP: 6/6
  4289 | Sewer    | Reached skill level 5 in Stealth
  4290 | Sewer    | XOM: scenery: 2 doors close
  4292 | Sewer    | Reached skill level 2 in Polearms
  4348 | D:3      | XOM: torment (24/46 hp)
  4685 | D:3      | Reached XP level 7. HP: 50/50 MP: 7/7
  4692 | D:3      | Found a shimmering altar of Xom.
  4963 | D:4      | XOM: noise
  5088 | D:4      | Found a basalt altar of Yredelemnul.
  5113 | D:4      | Found a staircase to the Ecumenical Temple.
  5169 | D:4      | Reached skill level 3 in Polearms
  5169 | D:4      | XOM: chaos upgrade
  5257 | D:4      | Reached skill level 4 in Polearms
  5257 | D:4      | Reached XP level 8. HP: 57/59 MP: 8/8
  5741 | D:5      | XOM: noise
  5741 | D:5      | Entered Level 5 of the Dungeon
  5783 | D:5      | Found a glowing golden altar of the Shining One.
  5918 | D:5      | XOM: cast spell 'Call Canine Familiar'
  5934 | D:5      | XOM: divination: detect creatures
  5950 | D:5      | Reached skill level 5 in Polearms
  6217 | D:5      | Reached skill level 1 in Shields
  6620 | D:5      | Found a runed translucent door.
  6620 | D:5      | Noticed Crazy Yiuf
  6635 | D:5      | XOM: noise
  6755 | D:5      | XOM: silly message
  6802 | D:6      | XOM: draining
  6855 | D:6      | XOM: enchant monster (good)
  6946 | D:6      | Reached skill level 6 in Polearms
  6972 | D:6      | XOM: 2-stop teleportation journey
  7208 | D:6      | XOM is BORED!
  7208 | D:6      | XOM: noise
  7216 | D:6      | Reached XP level 9. HP: 62/63 MP: 9/9
  7456 | D:7      | Noticed a purple ugly thing
  7461 | D:7      | XOM: divination: magic mapping
  7463 | D:7      | Killed a purple ugly thing
  7612 | D:7      | Reached skill level 7 in Polearms
  7862 | D:7      | Found a sparkling altar of Nemelex Xobeh.
  7882 | D:7      | Found a hide-covered altar of Uskayaw.
  7944 | D:7      | XOM is BORED!
  7944 | D:7      | XOM: noise
  7995 | D:7      | Noticed Maggie
  8003 | D:7      | Killed Maggie
  8071 | D:7      | XOM: silly message
  8221 | D:7      | XOM: cloud trail
  8246 | D:8      | Reached skill level 8 in Polearms
  8314 | D:8      | Noticed a rime drake
  8321 | D:8      | Found a staircase to the Lair.
  8323 | D:8      | XOM: cast spell 'Summon Small Mammal'
  8324 | D:8      | Killed a rime drake
  8325 | D:8      | Reached XP level 10. HP: 42/71 MP: 10/10
  8340 | D:8      | Reached skill level 5 in Shapeshifting
  8346 | D:8      | HP: 1/71 [ice beast (14)]
  8631 | D:8      | Noticed Joseph
  8657 | D:8      | Reached skill level 9 in Polearms
  8800 | D:8      | Killed Joseph
  8814 | D:8      | Reached skill level 5 in Fighting
  9097 | D:8      | Found a transporter.
  9161 | D:8      | Found a transporter.
  9311 | D:9      | You fall into a shaft and drop 1 floor!
  9311 | D:10     | Entered Level 10 of the Dungeon
  9319 | D:10     | XOM: silly message
  9327 | D:9      | Noticed a vault sentinel
  9327 | D:9      | Found the +18 shield of the Gong {Loud rN+ Will+ rCorr
                  | EV-5}
  9331 | D:9      | XOM: potion effect (brilliance)
  9331 | D:9      | Noticed a vault sentinel
  9344 | D:9      | Killed a vault sentinel
  9349 | D:9      | Killed a vault sentinel
  9350 | D:9      | Reached skill level 5 in Dodging
  9428 | D:9      | Reached skill level 10 in Polearms
  9434 | D:9      | Noticed a two-headed ogre
  9450 | D:9      | XOM: cast spell 'Olgreb's Toxic Radiance'
  9503 | D:8      | XOM: silly message
  9538 | D:9      | Killed a two-headed ogre
  9539 | D:9      | Reached XP level 11. HP: 56/79 MP: 11/11
  9612 | D:9      | XOM: 1-stop teleportation journey
  9618 | D:9      | XOM: noise
  9620 | D:9      | XOM: confuse monster(s)
  9707 | D:9      | Found a hazy altar of Hepliaklqana.
  9834 | D:9      | Noticed a two-headed ogre
  9841 | D:9      | Killed a two-headed ogre
  9842 | D:9      | Reached skill level 11 in Polearms
 10126 | D:9      | XOM: silly message
 10188 | D:9      | Found a bloodstained altar of Trog.
 10304 | D:9      | Learned a level 3 spell: Mephitic Cloud
 10432 | D:9      | XOM: silly message
 10654 | D:10     | Found a burning altar of Makhleb.
 10749 | D:10     | Reached skill level 1 in Air Magic
 10858 | D:10     | XOM: summons 3 hostile shadow creatures
 10918 | D:9      | XOM: summons 1 hostile demon
 11126 | D:10     | Reached skill level 10 in Stealth
 11159 | D:10     | XOM: blink monster(s)
 11187 | D:10     | XOM: give mutations
 11187 | D:10     | Lost mutation: You are somewhat resistant to further
                  | mutation. [Xom's mischief]
 11187 | D:10     | Lost mutation: Your mind is acute. (Int +4, Str/Dex -1)
                  | [Xom's mischief]
 11188 | D:10     | Reached skill level 1 in Poison Magic
 11279 | D:10     | Found a staircase to the Orcish Mines.
 11346 | D:10     | XOM: chaos upgrade
 11436 | D:10     | Identified the ring "Angagalu" {rElec MP+9 Str+4 Dex+2}
 11606 | D:10     | XOM: give mutations
 11606 | D:10     | Gained mutation: You are completely covered in large bone
                  | plates. (SH +8) [Xom's grace]
 11606 | D:10     | Gained mutation: Your flesh is heat resistant. (rF+) [Xom's
                  | grace]
 11675 | D:10     | XOM: god gift: scroll of fog
 11871 | D:11     | XOM: destruction
 11873 | D:11     | XOM: summons friendly ufetubus
 11886 | D:11     | XOM: summons friendly ufetubus
 12046 | D:11     | XOM: divine lightning
 12142 | D:11     | Found a hazy altar of Hepliaklqana.
 12203 | D:11     | XOM: scenery: create altars
 12354 | D:11     | Found a runed translucent gate.
 12354 | D:11     | Found a runed translucent gate.
 12354 | D:11     | Found an opulent altar of Gozag.
 12354 | D:11     | Found a runed translucent gate.
 12354 | D:11     | Noticed Xavori's ghost (journeyman DjCK)
 12354 | D:11     | Noticed an eight-headed hydra
 12354 | D:11     | Noticed a centaur warrior
 12419 | D:11     | Noticed a cyclops
 12423 | D:11     | Killed a cyclops
 12424 | D:11     | Reached skill level 12 in Polearms
 12488 | D:11     | XOM: give mutations
 12488 | D:11     | Gained mutation: You are completely covered in iridescent
                  | scales. (AC +6) [Xom's grace]
 12488 | D:11     | Gained mutation: Your spells are harder to cast, but more
                  | powerful. [Xom's grace]
 12488 | D:11     | Gained mutation: You are agile. (Dex +4, Str/Int -1) [Xom's
                  | grace]
 12488 | D:11     | Gained mutation: You passively map a small area around you.
                  | [Xom's grace]
 12528 | D:11     | XOM: god gift: scale mail {god gift}
 12560 | D:11     | XOM: cloud trail
 12757 | Lair:1   | Entered Level 1 of the Lair of Beasts
 12765 | Lair:1   | Reached XP level 12. HP: 81/86 MP: 12/12
 12785 | Lair:1   | Noticed Harold
 12795 | D:8      | XOM: fog
 13221 | D:8      | Reached skill level 5 in Shields
 13224 | Lair:1   | XOM: cleaving
 13225 | Lair:1   | XOM: cleaving
 13238 | Lair:1   | Killed Harold
 13303 | Lair:1   | Noticed Urug
 13306 | Lair:1   | XOM: confuse monster(s)
 13310 | Lair:1   | Killed Urug
 13498 | Lair:1   | XOM: give mutations
 13498 | Lair:1   | Gained mutation: You have a pair of small antennae on your
                  | head. [Xom's grace]
 13498 | Lair:1   | Gained mutation: You passively map the area around you.
                  | [Xom's grace]
 13498 | Lair:1   | Gained mutation: You possess an exceptional clarity of
                  | mind. [Xom's grace]
 13498 | Lair:1   | Gained mutation: Your flesh is cold resistant. (rC+) [Xom's
                  | grace]
 13588 | Lair:1   | XOM: draining
 13631 | Lair:1   | XOM: summons 2 hostile demons
 13984 | Lair:2   | Found a staircase to the Swamp.
 13988 | Lair:2   | XOM: 1-stop teleportation journey
 14019 | Lair:2   | XOM: confuse monster(s)
 14204 | Lair:2   | XOM: 6-stop teleportation journey
 14491 | Lair:3   | Noticed Kirke
 14494 | Lair:3   | Noticed a five-headed hydra
 14494 | Lair:3   | XOM: 2-stop teleportation journey
 14504 | Lair:3   | XOM: enchant monster (bad)
 14508 | Lair:2   | Killed a five-headed hydra
 14622 | Lair:3   | Reached skill level 13 in Polearms
 14628 | Lair:3   | XOM: summons friendly ufetubus
 14642 | Lair:3   | Found a hole to the Spider Nest.
 14644 | Lair:3   | Reached skill level 5 in Poison Magic
 14690 | Lair:3   | Reached XP level 13. HP: 92/93 MP: 13/13
 14694 | Lair:3   | Killed Kirke
 14853 | Lair:3   | XOM: silly message
 14908 | Lair:3   | XOM: noise
 14990 | Lair:3   | XOM: cloud trail
 15462 | Lair:4   | XOM: enchant monster (bad)
 15468 | Lair:4   | Reached skill level 5 in Air Magic
 15500 | Lair:4   | XOM: potion effect (attraction)
 15512 | Lair:4   | XOM: silly message
 15512 | Lair:4   | Mangled by a skyshark

Illustrated notes

Levels and vault maps discovered:
D:1:      ebering_hopf_link, layout_basic, kennysheep_minor_cross
D:2:      layout_rooms, hellmonk_ecumenical_altar_arch_garden
D:3:      layout_basic, mainiacjoe_overflow_alcove_1, okawaru_ov_weapons_minmay,
          portal_sewer_entry_f
D:4:      layout_basic, kennysheep_mini_moat, minmay_temple_entry_waves
D:5:      layout_basic, old_standard_altar, kennysheep_generic_room_16,
          uniq_crazy_yiuf_cottage
D:6:      layout_loops_cross
D:7:      layout_basic, nemelex_dance_club_becter,
          nicolae_uskayaw_murder_on_the_dancefloor, uniq_maggie
D:8:      layout_rooms, hellmonk_lair_entry_icy, chequers_avenue,
          nicolae_diode_stairs, uniq_joseph
D:9:      layout_loops_corners, lemuel_coloured_pillars_altar,
          marbit_many_paths, hellmonk_guarded_unrand_gong
D:10:     layout_irregular_city, demons_altar, erik_orc_4
D:11:     layout_rooms, special_room [special_room_orc], ebering_ghost_gozag,
          nicolae_hepliaklqana_hazy_memory
Lair:1:   layout_misc_corridors, grunt_forest_stairs_basic, uniq_harold,
          uniq_urug
Lair:2:   layout_cave_pods, minmay_swamp_entry_swarm,
          dreamdust_mushroom_princess
Lair:3:   layout_big_grid, nicolae_spider_entry_non_spiders, serial_forest,
          infiniplex_forest_end_double, infiniplex_forest_straight_1,
          infiniplex_forest_side_room, infiniplex_forest_pool,
          infiniplex_forest_lined_2, infiniplex_forest_clump_medium,
          infiniplex_forest_zigzag_1, infiniplex_forest_straight_2,
          serial_bayou_shore_b, uniq_kirke
Lair:4:   layout_gridlike, slime_entry_2, forest_entry_grove

Skill      XL: |  1  2  3  4  5  6  7  8  9 10 11 12 13 |
---------------+----------------------------------------+-----
Stealth        | 2 4 5 6 7 8 9 10 | 10.0
Short Blades   | 4 |  4.1
Dodging        | 3 4 5 6 |  6.5
Shapeshifting  | 1 3 4 5 6 7 |  7.6
Polearms       | 1 2 4 6 8 10 12 13 | 13.7
Shields        | 1 2 3 4 6 |  6.6
Fighting       | 4 5 6 |  6.9
Air Magic      | 3 4 5 |  5.1
Poison Magic   | 2 5 |  5.8
Evocations     | |  0.2

Action                     |  1- 3 |  4- 6 |  7- 9 | 10-12 | 13-15 || total
---------------------------+-------+-------+-------+-------+-------++-------
  Melee: Short sword       |    46 |       |       |       |       ||    46
         Tentacles         |    18 |    11 |    17 |    60 |    14 ||   120
         Constrict         |    17 |    12 |    16 |    49 |    14 ||   108
         Punch             |     1 |     1 |     2 |     3 |     2 ||     9
         Dagger            |    29 |    38 |       |       |       ||    67
         Kick              |    10 |    18 |    28 |   102 |    19 ||   177
         Trident           |       |    46 |   142 |   371 |    59 ||   618
  Evoke: Wand              |       |       |       |     1 |       ||     1
    Use: Potion            |     1 |       |     1 |     3 |       ||     5
         Scroll            |       |       |     8 |    10 |       ||    18
   Stab: Sleeping          |     5 |    16 |    20 |    14 |     1 ||    56
         Distracted        |       |       |     1 |     3 |     2 ||     6
         Confused          |       |       |       |     2 |       ||     2
 Armour: Skin              |     8 |    17 |    24 |    37 |    11 ||    97
  Dodge: Dodged            |    50 |    38 |    69 |    90 |     2 ||   249
  Block: Other             |     5 |     9 |    21 |       |       ||    35
         Buckler           |       |       |    18 |    63 |       ||    81
         Kite shield       |       |       |       |   264 |    54 ||   318
   Form: Beast             |       |       |     1 |       |       ||     1

Table legend: (Time is in decaauts)
 A = Elapsed time spent in this place.
 B = Non-inter-level travel time spent in this place.
 C = Inter-level travel time spent in this place.
 D = Time resting spent in this place.
 E = Time spent auto-exploring this place.
 F = Levels seen in this place.
 G = Mean time per level.
                   A        B        C        D        E       F      G
               +--------+--------+--------+--------+--------+-----+--------+
         Total |  15682 |  15168 |    514 |   4055 |   8749 |  16 |  980.1 |
       Dungeon |  13028 |  12610 |    418 |   3977 |   6796 |  11 | 1184.4 |
          Lair |   2347 |   2252 |     95 |     78 |   1761 |   4 |  586.8 |
         Sewer |    305 |    305 |      0 |      0 |    192 |   1 |  305.0 |
               +--------+--------+--------+--------+--------+-----+--------+

Top non-repeatable levels by time:
     D:1: 2898 daAuts
     D:8: 1584 daAuts
     D:9: 1344 daAuts
    D:10: 1300 daAuts
     D:4: 1233 daAuts
     D:3: 910 daAuts
  Lair:2: 896 daAuts
  Lair:3: 875 daAuts
     D:5: 842 daAuts
     D:7: 799 daAuts
    D:11: 771 daAuts
     D:6: 678 daAuts
     D:2: 666 daAuts
  Lair:1: 465 daAuts
   Sewer: 305 daAuts
